 Dungeon Crawl Stone Soup version 0.29-a0-555-g3b24f45cc1 (webtiles) character file.

Game seed: 15286553634397004945

591 Querens the Shield-Bearer (level 7, -1/56 HPs)
             Began as a Formicid Fighter on June 8, 2022.
             Slain by a scorpion (5 damage)
             ... on level 4 of the Dungeon.
             The game lasted 00:09:41 (2105 turns).

Querens the Shield-Bearer (Formicid Fighter)        Turns: 2105, Time: 00:09:41

Health: -1/56      AC: 11    Str: 23    XL:     7   Next: 66%
Magic:  7/7        EV:  8    Int:  7    God:
Gold:   175        SH:  5    Dex: 10    Spells: 6/6 levels left

rFire   + . .      SeeInvis +   a - +0 war axe
rCold   + . .      Faith    .   c - +0 buckler
rNeg    . . .      Spirit   .   q - +0 chain mail
rPois   +          Reflect  .   (helmet unavailable)
rElec   +          Harm     .   p - +0 cloak
rCorr   +          Rampage  .   (no gloves)
Will    .....                   (no boots)
Stlth   ..........              (no amulet)
HPRegen 0.18/turn               (no ring)
MPRegen 0.10/turn               (no ring)

@: mighty, brilliant, resistant, attractive
A: permanent stasis, dig shafts and tunnels, antennae 3, four strong arms,
screaming 1, wild magic 1, sturdy frame 1
a: Dig, Shaft Self


You were on level 4 of the Dungeon.
You visited 1 branch of the dungeon, and saw 4 of its levels.

You collected 175 gold pieces.

Inventory:

Hand Weapons
 a - a +0 war axe (weapon)
Missiles
 o - a throwing net
 t - 5 curare-tipped darts
Armour
 c - a +0 buckler (worn)
 p - a +0 cloak (worn)
 q - a +0 chain mail (worn)
Jewellery
 g - a ring of wizardry
Scrolls
 b - 2 scrolls of amnesia {unknown}
 e - 4 scrolls of identify {unknown}
 f - 2 scrolls of vulnerability {unknown}
 k - a scroll of fear {unknown}
 l - a scroll of teleportation {unknown}
 m - 2 scrolls of noise {unknown}
 r - a scroll of fog {unknown}
Potions
 h - a potion of mutation
 n - a potion of attraction


   Skills:
 + Level 5.3 Fighting
 + Level 4.2 Axes
 + Level 5.3 Armour
 + Level 6.4 Shields


You had 6 spell levels left.
You didn't know any spells.
Your spell library contained the following spells:

 Spells                   Type           Power      Damage    Failure   Level
 Magic Dart               Conj           0%         1d3       96%         1
 Summon Small Mammal      Summ           0%         N/A       96%         1
 Searing Ray              Conj           0%         2d4       99%         2
 Sublimation of Blood     Necr           0%         N/A       99%         2
 Wereblood                Tmut           0%         N/A       99%         2
 Call Canine Familiar     Summ           0%         N/A       100%        3
 Conjure Flame            Conj/Fire      0%         6-21      100%        3
 Ignite Poison            Fire/Tmut/Pois 0%         N/A       100%        3
 Summon Guardian Golem    Hex/Summ       0%         N/A       100%        3
 Fulminant Prism          Conj/Hex       0%         3d6       100%        4
 Sticky Flame             Conj/Fire      0%         2d3       100%        4
 Summon Hydra             Summ           0%         N/A       100%        7


Dungeon Overview and Level Annotations

Branches:
Dungeon (4/15)
 Temple: D:4-7

Altars:


Innate Abilities, Weirdness & Mutations

You cannot be hasted, slowed, berserked, paralysed or teleported.
You can dig through walls and to a lower floor.
You have a pair of large antennae on your head. (SInv)
Your four strong arms can wield two-handed weapons with a shield.
You occasionally shout uncontrollably at your foes.
Your spells are a little harder to cast, but a little more powerful.
Your movements are slightly less encumbered by armour. (ER -2)


Message History

You are confused.
You feel better. Sigmund casts a spell at you. The magic dart hits you!
* * * LOW HITPOINT WARNING * * *
You hit Sigmund.
You kill Sigmund!
Your Axes skill increases to level 4!
n - 2 amethyst potions (gained 1)
Things that are here:
a +0 scythe; a +0 robe A scorpion comes into view.
Unknown command.
Unknown command.
You start resting.
A scorpion is nearby!
You barely miss the scorpion. The scorpion stings you.
* * * LOW HITPOINT WARNING * * *
You hit the scorpion but do no damage. The scorpion stings you.
* * * LOW HITPOINT WARNING * * *
The scorpion stings you.
* * * LOW HITPOINT WARNING * * *
You barely miss the scorpion.
The scorpion stings you but does no damage.
You barely miss the scorpion. The scorpion stings you.
* * * LOW HITPOINT WARNING * * *
The scorpion barely misses you.
It was a potion of attraction.
You feel attractive to monsters. The scorpion barely misses you.
It was a potion of brilliance.
You feel clever all of a sudden. You block the scorpion's attack.
The scorpion stings you.
* * * LOW HITPOINT WARNING * * *
It was a potion of resistance.
You feel protected. The scorpion closely misses you.
You feel very mighty all of a sudden. The scorpion stings you.
You die...

#.........#.....#
...##########.### ##.#
########.# #.#
#......#.########## #)#
#.####.#.##.......#####
##.###.####.#.##.###.......#
....##.##.....##.###.#.###.#
##........#.####s....# #
##.##>......# #@)#..#...
#.##..>....###........#
##.##.##.........#..##.#
#...#.##.##.###..#.......
#...#........ #..#.....###
#...####.##.......######
##...####. #...#.#.#
.†........ ##.##.#.#
K......... ...(...


You could see a scorpion.

Vanquished Creatures
  Sigmund (D:4)
  Blork the orc (D:4)
  An orc priest (D:3)
  Crazy Yiuf (D:2)
  An orc wizard (D:4)
  2 iguanas
  Robin (D:2)
  10 gnolls
  3 adders
  4 worms
  6 orcs
  5 endoplasms
  2 giant cockroaches
  16 goblins
  6 hobgoblins
  7 jackals
  A quokka (D:2)
  2 ball pythons
  4 bats
  2 frilled lizards
  2 kobolds (D:1)
  7 rats
85 creatures vanquished.

Notes
Turn   | Place    | Note
-------+----------+-------------------------------------------
     0 | D:1      | Querens the Formicid Fighter began the quest for the Orb.
     0 | D:1      | Reached XP level 1. HP: 18/18 MP: 1/1
    98 | D:1      | Reached XP level 2. HP: 20/24 MP: 2/2
   238 | D:1      | Reached XP level 3. HP: 11/29 MP: 3/3
   239 | D:1      | Found a faded altar of an unknown god.
   458 | D:2      | Reached XP level 4. HP: 11/37 MP: 4/4
   829 | D:2      | Reached XP level 5. HP: 38/42 MP: 5/5
   854 | D:2      | Noticed Robin
   866 | D:2      | Killed Robin
   867 | D:2      | Reached skill level 5 in Shields
  1223 | D:2      | Found a runed translucent door.
  1224 | D:2      | Noticed Crazy Yiuf
  1233 | D:2      | Killed Crazy Yiuf
  1415 | D:3      | Reached XP level 6. HP: 44/49 MP: 6/6
  1703 | D:4      | Noticed Blork the orc
  1713 | D:4      | Killed Blork the orc
  1786 | D:4      | Reached XP level 7. HP: 28/55 MP: 7/7
  1867 | D:4      | Reached skill level 5 in Fighting
  1867 | D:4      | Reached skill level 5 in Armour
  1867 | D:4      | Reached skill level 6 in Shields
  2022 | D:4      | Noticed Sigmund
  2069 | D:4      | Gained mutation: Your spells are a little harder to cast,
                  | but a little more powerful. [potion of mutation]
  2069 | D:4      | Gained mutation: You occasionally shout uncontrollably at
                  | your foes. [potion of mutation]
  2069 | D:4      | Gained mutation: Your movements are slightly less
                  | encumbered by armour. (ER -2) [potion of mutation]
  2075 | D:4      | Killed Sigmund
  2105 | D:4      | Slain by a scorpion

Illustrated notes

Levels and vault maps discovered:
D:1:      zelgadis_glass_arrival_small, layout_rooms,
          hellmonk_ecumenical_altar_dog_temple
D:2:      layout_loops_ring, uniq_crazy_yiuf_cottage, uniq_robin
D:3:      layout_rooms, minmay_fountain_box
D:4:      layout_loops_cross, nrook_mini_vaults, uniq_duvessa, uniq_pikel,
          uniq_sigmund, uniq_blork_the_orc

Skill      XL: |  1  2  3  4  5  6  7 |
---------------+----------------------+-----
Fighting       | 4 5 |  5.3
Armour         | 4 5 |  5.3
Axes           | 3 4 |  4.2
Shields        | 5 6 |  6.4

Action                   |  1- 3 |  4- 6 |  7- 9 || total
-------------------------+-------+-------+-------++-------
Melee: War axe           |    80 |   145 |    43 ||   268
 Abil: Dig               |       |     1 |       ||     1
  Use: Potion            |       |       |     7 ||     7
Armor: Scale mail        |    56 |    39 |       ||    95
       Chain mail        |       |    29 |    15 ||    44
Dodge: Dodged            |    47 |    55 |    11 ||   113
Block: Buckler           |    24 |    35 |    10 ||    69

Table legend: (Time is in decaauts)
 A = Elapsed time spent in this place.
 B = Non-inter-level travel time spent in this place.
 C = Inter-level travel time spent in this place.
 D = Time resting spent in this place.
 E = Time spent auto-exploring this place.
 F = Levels seen in this place.
 G = Mean time per level.
                   A        B        C        D        E       F      G
               +--------+--------+--------+--------+--------+-----+--------+
         Total |   2209 |   1961 |    248 |     13 |      0 |   4 |  552.2 |
       Dungeon |   2209 |   1961 |    248 |     13 |      0 |   4 |  552.2 |
               +--------+--------+--------+--------+--------+-----+--------+

Top non-repeatable levels by time:
     D:2: 954 daAuts
     D:1: 429 daAuts
     D:3: 415 daAuts
     D:4: 409 daAuts
